 Dungeon Crawl Stone Soup version 0.29.1-15-g9cfb28693d (webtiles) character file.

Game seed: 738098124442997537

244 Heoruswealwe the Caller (level 5, -8/28 HPs)
             Began as a Deep Elf Summoner on Mar 2, 2023.
             Was an Initiate of Ashenzari.
             Killed by nerve-wracking pain
             ... invoked by an orc priest
              (14 damage)
             ... on level 4 of the Dungeon.
             The game lasted 00:53:27 (4071 turns).

Heoruswealwe the Caller (Deep Elf Summoner)         Turns: 4071, Time: 00:53:28

Health: -8/28      AC:  4    Str:  5    XL:     5   Next: 83%
Magic:  10/14      EV: 12    Int: 22    God:    Ashenzari [......]
Gold:   162        SH:  0    Dex: 15    Spells: 8/16 levels left

rFire   + . .      SeeInvis .   W - +1 long sword
rCold   . . .      Faith    .   (no shield)
rNeg    . . .      Spirit   .   I - +0 robe
rPois   .          Reflect  .   (helmet restricted)
rElec   .          Harm     .   (no cloak)
rCorr   .          Rampage  .   L - +1 pair of gloves
Will    .....                   (no boots)
Stlth   ++........              (no amulet)
HPRegen 0.09/turn               X - ring of flight
MPRegen 0.14/turn               h - ring of protection from fire

@: flying
A: antennae 1, low MP 1, screaming 1
a: Renounce Religion, Curse Item


You were on level 4 of the Dungeon.
You worshipped Ashenzari.
Ashenzari was noncommittal.
You visited 1 branch of the dungeon, and saw 4 of its levels.

You collected 162 gold pieces.

Inventory:

Hand Weapons
 a - a +0 club
 c - a +0 dagger
 W - a +1 long sword (weapon)
Armour
 d - a +0 robe
 I - a +0 robe (worn)
 L - a +1 pair of gloves (worn)
Jewellery
 h - a ring of protection from fire (right hand)
 X - a ring of flight (left hand)
Wands
 q - a wand of roots (7)
Scrolls
 E - 2 scrolls of enchant armour
Potions
 b - 2 potions of magic
 p - 2 potions of might
 s - a potion of haste
 t - a potion of brilliance
 S - a potion of flight
 Y - a potion of ambrosia


   Skills:
 - Level 2.4 Dodging
 - Level 2.4 Stealth
 + Level 6.2 Spellcasting
 + Level 6.3 Summonings


You had 8 spell levels left.
You knew the following spells:

 Your Spells              Type           Power      Damage    Failure   Level
a - Summon Small Mammal   Summ           100%       N/A       1%          1
b - Call Canine Familiar  Summ           34%        N/A       1%          3
c - Summon Lightning Spi  Summ/Air       20%        N/A       24%         4

Your spell library contained the following spells:

 Spells                   Type           Power      Damage    Failure   Level
 Call Imp                 Summ           34%        N/A       1%          2
 Summon Guardian Golem    Hex/Summ       20%        N/A       8%          3
 Static Discharge         Conj/Air       6%         3-4/arc   14%         2
 Dispel Undead            Necr           6%         3d8       65%         4
 Sticky Flame             Conj/Fire      6%         2d3       65%         4
 Orb of Destruction       Conj           3%         9d5       100%        7
 Spellforged Servitor     Conj/Summ      10%        N/A       100%        7


Dungeon Overview and Level Annotations

Branches:
Dungeon (4/15)
 Temple: D:4-7

Altars:
Ashenzari
Yredelemnul

Shops:
D:4 (


Innate Abilities, Weirdness & Mutations

You have a pair of small antennae on your head.
Your magical capacity is low. (-10% MP)
You occasionally shout uncontrollably at your foes.


Message History

Magic courses through your body.
You see here a +0 giant club.
Casting: Call Canine Familiar (safe; 1% risk of failure)
Confirm with . or Enter, or press ? or * to list all spells.
You swap places.
Your hound barely misses the orc.
Your hound barely misses the orc.
The orc closely misses your hound.
Your hound closely misses the orc.
The orc barely misses your hound.
Your hound bites the orc but does no damage.
Your hound bites the orc.
The orc hits your hound with a +0 flail!
Your hound barely misses the orc.
The orc priest calls upon Beogh to heal the orc.
The orc's wounds heal themselves!
The orc hits your hound with a +0 flail.
Your hound bites the orc.
Your hound misses the orc. The orc closely misses your hound.
Your hound bites the orc.
The orc barely misses your hound.
Your hound bites the orc.
The orc dies!
The orc priest hits your hound with a +0 club.
Your hound bites the orc priest but does no damage.
The orc priest closely misses your hound.
Your hound bites the orc priest.
Your hound barely misses the orc priest.
The orc priest looks braver for a moment.
Your hound bites the orc priest.
The orc priest closely misses your hound.
Your hound bites the orc priest.
Your hound misses the orc priest.
The orc priest mumbles some strange prayers to Beogh against you.
Your hound writhes in agony.
Your hound dies!
Your hound's corpse disappears in a puff of smoke!
Casting: Call Canine Familiar (safe; 1% risk of failure)
Confirm with . or Enter, or press ? or * to list all spells.
The orc priest invokes the aid of Beogh against you.
Pain shoots through your body!
Ouch! That really hurt!
You die...

##.....## #)######.........
##.......#####.# #.........
#.........#..).# #.........
#.........O.#### ########..
#.........### #.. #.........#
.?. #.........# ....
##.......####### ...
#...........h@.##########.....
#....(....####..)oo.o.........
#?........# ###########......
#.........# .o.. #.........#
... ##.......## ... ##.....##
.o. ###### ###


You could see an orc priest (ally target), 2 orcs and a friendly hound
(summoned).

Vanquished Creatures
  An adder (D:3)
  An orc (D:4)
  4 bats
  A quokka (D:3)
  A frilled lizard (D:2)
8 creatures vanquished.

Vanquished Creatures (collateral kills)
  An ogre (D:4)
  2 orc wizards (D:4)
  An adder (D:2)
  2 worms (D:3)
  5 dart slugs
  5 orcs
  6 ball pythons
  7 endoplasms
  A giant cockroach (D:1)
  4 hobgoblins
  2 quokkas
  4 bats
  2 frilled lizards
  5 goblins
  7 kobolds
  3 rats
57 creatures vanquished.

Vanquished Creatures (others)
  4 withered plants (D:3)
4 creatures vanquished.

Grand Total: 69 creatures vanquished

Notes
Turn   | Place    | Note
-------+----------+-------------------------------------------
     0 | D:1      | Heoruswealwe the Deep Elf Summoner began the quest for the
                  | Orb.
     0 | D:1      | Reached XP level 1. HP: 10/10 MP: 6/6
   278 | D:1      | Reached XP level 2. HP: 13/15 MP: 6/8
   900 | D:1      | Reached skill level 5 in Summonings
   900 | D:1      | Reached XP level 3. HP: 10/19 MP: 7/10
  1236 | D:1      | Learned a level 3 spell: Call Canine Familiar
  2614 | D:3      | Reached XP level 4. HP: 24/24 MP: 12/12
  2685 | D:3      | Found a basalt altar of Yredelemnul.
  2735 | D:3      | Found a faded altar of an unknown god.
  3484 | D:3      | Prayed at the altar of an unknown god.
  3484 | D:3      | Became a worshipper of Ashenzari the Shackled
  3538 | D:3      | Gained mutation: Your magical capacity is low. (-10% MP)
                  | [potion of mutation]
  3538 | D:3      | Gained mutation: You have a pair of small antennae on your
                  | head. [potion of mutation]
  3538 | D:3      | Gained mutation: You occasionally shout uncontrollably at
                  | your foes. [potion of mutation]
  3815 | D:4      | Found Epoc's Antique Weapon Boutique.
  3912 | D:4      | Noticed an ogre
  3954 | D:4      | Noticed a phantom
  3980 | D:4      | Reached skill level 5 in Spellcasting
  4038 | D:4      | Reached XP level 5. HP: 14/28 MP: 1/13
  4044 | D:4      | Learned a level 4 spell: Summon Lightning Spire
  4047 | D:4      | Killed an ogre
  4071 | D:4      | Killed from afar by an orc priest

Illustrated notes

Levels and vault maps discovered:
D:1:      psy_arrival_radial01, layout_loops_ring
D:2:      layout_basic, minmay_quadrilaterals
D:3:      wad_pebble_path, layout_basic, yredelemnul_altar_generic,
          shapermc_ecumenical_altar_starsandcircs, minmay_statues_item,
          minmay_randomly_rotated_circles
D:4:      minmay_opposing_rooms, layout_rooms, makhleb_altar_promises_db,
          serial_shops, shop, kennysheep_generic_room_16

Skill      XL: |  1  2  3  4  5 |
---------------+----------------+-----
Spellcasting   | 4 5 6 |  6.2
Summonings     | 5 6 |  6.3
Dodging        | |  2.4
Stealth        | |  2.4

Action                   |  1- 3 |  4- 6 || total
-------------------------+-------+-------++-------
Melee: Whip              |    21 |    25 ||    46
       Long sword        |       |     6 ||     6
 Cast: Summon Small Mamm |    30 |       ||    30
       Call Canine Famil |     8 |    13 ||    21
  Use: Scroll            |       |     7 ||     7
       Potion            |       |     6 ||     6
 Stab: Sleeping          |     1 |       ||     1
Armor: Robe              |    12 |     6 ||    18
Dodge: Dodged            |    30 |    24 ||    54
